 Dungeon Crawl Stone Soup version 0.30-a0-989-g0d87f670db (webtiles) character file.

Game seed: 5064490151627930817

42 mopl the Slasher (level 3, -9/29 HPs)
             Began as a Merfolk Fighter on Apr 3, 2023.
             Mangled by an ice beast (13 damage)
             ... on level 3 of the Dungeon.
             The game lasted 00:01:45 (1517 turns).

mopl the Slasher (Merfolk Fighter)                  Turns: 1517, Time: 00:01:45

Health: -9/29      AC:  8    Str: 18    XL:     3   Next: 54%
Magic:  12/12      EV:  6    Int:  7    God:
Gold:   134        SH:  4    Dex: 13    Spells: 2/2 levels left

rFire   . . .      SeeInvis .    a - +0 long sword
rCold   . . .      Faith    .    c - +0 buckler
rNeg    . . .      Spirit   .    j - +0 chain mail
rPois   .          Reflect  .    (no helmet)
rElec   .          Rampage  .    (no cloak)
rCorr   .                        (no gloves)
Will    .....                    (no boots) Stlth
                                 (no amulet)
HPRegen 0.24/turn                n - ring of magical power
MPRegen 0.13/turn                (no ring)

@: no status effects
A: (nimble swimmer 2), mertail
a: no special abilities


You were on level 3 of the Dungeon.
You visited 1 branch of the dungeon, and saw 3 of its levels.

You collected 134 gold pieces.

Inventory:

Hand Weapons
 a - a +0 long sword (weapon)
Missiles
 b - 5 boomerangs (quivered)
Armour
 c - a +0 buckler (worn)
 j - a +0 chain mail (worn)
Jewellery
 n - a ring of magical power (left hand)
Scrolls
 e - 2 scrolls of noise {unknown}
 f - a scroll of identify {unknown}
 g - a scroll of immolation {unknown}
 i - a scroll of blinking {unknown}
 k - a scroll of poison {unknown}
 o - a scroll of teleportation {unknown}
 r - a scroll of magic mapping {unknown}
Potions
 d - 4 potions of might
 h - 2 potions of heal wounds {unknown}
 l - a potion of curing {unknown}
 m - a potion of attraction {unknown}
 p - a potion of invisibility {unknown}
 q - a potion of brilliance {unknown}


   Skills:
 - Level 3.2 Fighting
 + Level 4.6 Long Blades
 - Level 2.1 Armour
 - Level 3.0 Shields


You had 2 spell levels left.
You didn't know any spells.
Your spell library contained the following spells:

 Spells                   Type           Power      Damage    Failure   Level
 Beastly Appendage        Tmut           0%         N/A       100%        1
 Wereblood                Tmut           0%         N/A       100%        2
 Spider Form              Tmut/Pois      0%         N/A       100%        3


Dungeon Overview and Level Annotations

Branches:
Dungeon (3/15)

Altars:
Trog
Zin

Shops:
D:1 !


Innate Abilities, Weirdness & Mutations

((You are very nimble when in or above water. (Stealth+, EV+, Speed+++)))
Your lower body shifts to a powerful aquatic tail in water.


Message History

The frilled lizard hisses angrily.
The ice beast barely misses you.
You hit the ice beast.
The ice beast is lightly wounded.
You block the ice beast's attack.
You hit the ice beast but do no damage.
The ice beast is lightly wounded.
You block the ice beast's attack.
You closely miss the ice beast.
The ice beast is lightly wounded.
The ice beast hits you but does no damage.
You barely miss the ice beast.
The ice beast is lightly wounded.
The ice beast hits you. The ice beast freezes you!
You barely miss the ice beast.
The ice beast is lightly wounded.
The ice beast barely misses you. The ice beast hits you.
The ice beast freezes you.
* * * LOW HITPOINT WARNING * * *
You hit the ice beast.
The ice beast is moderately wounded.
The ice beast hits you but does no damage.
You hit the ice beast but do no damage.
The ice beast is moderately wounded.
The ice beast barely misses you.
You aren't carrying any items that you can evoke.
Unknown command.
Okay, then.
You closely miss the ice beast.
The ice beast is moderately wounded.
You block the ice beast's attack.
You closely miss the ice beast.
The ice beast is moderately wounded.
The ice beast hits you but does no damage. x2
You hit the ice beast.
The ice beast is heavily wounded.
The ice beast hits you.
* * * LOW HITPOINT WARNING * * *
The ice beast freezes you!
You die...

### .# ... .# #.# .#
#.# ######### .# #
#.# #.......# .##.#
##.####.#####.# l..
......#.#####.####(#
#####.#.##......@Yl#
....#......##.######
._..#.#.#####.#
....#.#.......#
#.#⌠#.#########
#.##### ..# ###


You could see an ice beast and a frilled lizard.

Vanquished Creatures
  3 endoplasms (D:1)
  4 giant cockroaches
  5 goblins
  4 hobgoblins
  2 quokkas (D:1)
  5 ball pythons
  6 bats
  3 frilled lizards
  5 kobolds
  A rat (D:1)
38 creatures vanquished.

Notes
Turn   | Place    | Note
-------+----------+-------------------------------------------
     0 | D:1      | mopl the Merfolk Fighter began the quest for the Orb.
     0 | D:1      | Reached XP level 1. HP: 18/18 MP: 1/1
    12 | D:1      | Found Myath's Distillery.
    63 | D:1      | Reached skill level 3 in Long Blades
    72 | D:1      | Reached XP level 2. HP: 19/24 MP: 2/2
   270 | D:1      | Reached skill level 4 in Long Blades
   284 | D:1      | Reached XP level 3. HP: 29/29 MP: 3/3
   301 | D:1      | Found a faded altar of an unknown god.
   919 | D:2      | Found a glowing silver altar of Zin.
  1390 | D:3      | Found a bloodstained altar of Trog.
  1505 | D:3      | Noticed an ice beast
  1517 | D:3      | Mangled by an ice beast

Illustrated notes

Levels and vault maps discovered:
D:1:      lightli_arrival_lavapool, layout_rooms,
          hellmonk_ecumenical_altar_slurped_away, serial_shops, shop,
          minmay_hedge_maze
D:2:      layout_basic, basic_altar
D:3:      cheibrodos_helix_gallery, layout_loops_cross,
          mainiacjoe_overflow_alcove_2, mainiacjoe_overflow_catch_the_wave

Skill      XL: |  1  2 |
---------------+-------+-----
Long Blades    | 3 4 |  4.6
Fighting       | |  3.2
Armour         | |  2.1
Shields        | |  3.0

Action                     || total
---------------------------++-------
  Melee: Long sword        ||   124
 Armour: Scale mail        ||    33
         Chain mail        ||    37
  Dodge: Dodged            ||    55
  Block: Buckler           ||    37

Table legend: (Time is in decaauts)
 A = Elapsed time spent in this place.
 B = Non-inter-level travel time spent in this place.
 C = Inter-level travel time spent in this place.
 D = Time resting spent in this place.
 E = Time spent auto-exploring this place.
 F = Levels seen in this place.
 G = Mean time per level.
                   A        B        C        D        E       F      G
               +--------+--------+--------+--------+--------+-----+--------+
         Total |   1546 |   1471 |     75 |      0 |   1154 |   3 |  515.3 |
       Dungeon |   1546 |   1471 |     75 |      0 |   1154 |   3 |  515.3 |
               +--------+--------+--------+--------+--------+-----+--------+

Top non-repeatable levels by time:
     D:2: 776 daAuts
     D:1: 521 daAuts
     D:3: 248 daAuts
